 Dungeon Crawl Stone Soup version 0.20.0-10-g0535bb4 (webtiles) character file.

100297 Letos the Bludgeoner (level 16, -7/103 HPs)
             Began as a Gargoyle Fighter on June 5, 2017.
             Was a High Priest of Okawaru.
             Mangled by a tyrant leech (12 damage)
             ... on level 4 of the Swamp on June 6, 2017.
             The game lasted 00:39:35 (24887 turns).

Letos the Bludgeoner (Gargoyle Fighter)            Turns: 24887, Time: 00:39:36

Health: -7/103     AC: 33    Str: 24    XL:     16   Next: 27%
Magic:  18/18      EV: 10    Int: 12    God:    Okawaru [*****.]
Gold:   2884       SH:  0    Dex: 17    Spells: 12/15 levels left

rFire    + + .     SeeInvis .   A - +5 great mace (flame)
rCold    + + .     Gourm    .   (shield currently unavailable)
rNeg     + . .     Faith    .   a - +1 plate armour
rPois    ∞         Spirit   .   F - -1 hat "Xoarur" {rC+ Str+2}
rElec    +         Reflect  .   (no cloak)
rCorr    .         Harm     .   K - +1 pair of gloves {archery}
MR       ++...                  y - +2 pair of boots
Stlth    ..........             (no amulet)
Regen    0.3/turn               B - +3 ring of evasion
MPRegen  0.2/turn               I - ring of Ylouviaps {rF++ Int+3 Dex+3}

@: flying
A: big wings, cold resistance 1, low mp 1, magic resistance 1, negative energy
resistance 1, electricity resistance, unbreathing, petrification resistance, rot
immunity, AC +11
a: Stop Flying, Heroism, Finesse, Renounce Religion


You were on level 4 of the Swamp.
You worshipped Okawaru.
Okawaru was extremely pleased with you.
You were not hungry.

You visited 5 branches of the dungeon, and saw 27 of its levels.
You also visited: Sewer and Bailey.

You collected 2884 gold pieces.

Inventory:

Hand Weapons
 x - a +7 dire flail of freezing
 A - a +5 great mace of flaming (weapon)
Armour
 a - a +1 plate armour (worn)
 c - a +0 shield
 y - a +2 pair of boots (worn)
 F - the -1 hat "Xoarur" (worn) {rC+ Str+2}
   (Okawaru gifted it to you on level 9 of the Dungeon)

   It affects your strength (+2).
   It protects you from cold.
 K - a +1 pair of gloves of archery (worn)
Jewellery
 t - an uncursed ring of resist corrosion
 u - an uncursed ring of positive energy
 B - a +3 ring of evasion (left hand)
 C - an uncursed amulet of faith
 I - the ring of Ylouviaps (right hand) {rF++ Int+3 Dex+3}
   (You found it on level 10 of the Dungeon)

   [ring of intelligence]

   It affects your intelligence (+3).
   It affects your dexterity (+3).
   It greatly protects you from fire.
 L - an uncursed amulet of the gourmand {unknown}
 M - an uncursed ring of protection from cold
 N - an uncursed ring of wizardry
Wands
 p - a wand of clouds (1/9)
 z - a wand of scattershot (5/9)
 D - a wand of acid (6/15)
 R - a wand of disintegration (10/24)
Scrolls
 b - 4 scrolls of recharging
 h - 7 scrolls of identify
 i - 7 scrolls of teleportation
 n - 6 scrolls of fog
 o - 5 scrolls of fear
 G - 3 scrolls of enchant armour
 J - a scroll of brand weapon
 P - 2 scrolls of magic mapping
Potions
 e - 3 potions of lignification
 g - 3 potions of magic
 k - 3 potions of invisibility
 l - a potion of ambrosia
 m - 6 potions of brilliance
 q - a potion of resistance {unknown}
 w - 8 potions of curing
 E - a potion of haste
 H - 2 potions of agility
 Q - a potion of cancellation
 T - a potion of mutation
Comestibles
 d - 13 meat rations
 r - 6 bread rations
 s - 14 royal jellies
 v - 41 fruits


   Skills:
 + Level 12.6 Fighting
 * Level 19.1 Maces & Flails
 + Level 12.6 Armour
 + Level 12.9 Shields
 - Level 5.5 Invocations


You had 12 spell levels left.
You knew the following spells:

 Your Spells              Type           Power        Failure   Level  Hunger
a - Dazzling Spray        Conj/Hex       #.....       100%        3    ####...


Dungeon Overview and Level Annotations

Branches:
Dungeon (14/15)            Temple (1/1) D:4            Lair (6/6) D:10
  Swamp (4/4) Lair:3        Snake (0/4) Lair:2        Slime (0/5) Lair:5
    Orc (2/2) D:9             Elf (0/3) Orc:2        Vaults (0/5) D:14

Altars:
Ashenzari
Dithmenos
Elyvilon
Fedhas
Gozag
Kikubaaqudgha
Okawaru
Qazlal
Ru
Sif Muna
Trog
Uskayaw
Vehumet
Xom
Yredelemnul
The Shining One

Shops:
Orc:1 [   Orc:2 (=[[

Annotations:
Lair:5 exclusion: 2 oklob plants


Innate Abilities, Weirdness & Mutations

You are resistant to torment.
Your stone body is resilient. (AC +11)
You are immune to poison.
Your large and strong wings let you fly indefinitely.
You resist negative energy. (rN+)
You are resistant to electric shocks. (rElec)
You can survive without breathing.
You are immune to petrification.
You are immune to rotting.
Your flesh is cold resistant. (rC+)
Your magical capacity is low. (-10% MP)
You are resistant to hostile enchantments. (MR+)


Message History

You completely miss the hornet.
The hornet is severely wounded.
The hornet stings you but does no damage.
You closely miss the tyrant leech.
The tyrant leech is almost dead.
The tyrant leech bites you but does no damage.
The hornet misses you.
You hit the tyrant leech. You burn the tyrant leech.
The tyrant leech is almost dead.
The hornet barely misses you.
The tyrant leech bites you but does no damage.
You miss the tyrant leech.
The tyrant leech is almost dead.
You feel like a meek peon again. The hornet stings you!
* * * LOW HITPOINT WARNING * * *
You feel better. The hornet stings you.
* * * LOW HITPOINT WARNING * * *
The tyrant leech bites you!
You die...

♣..♣♣♣♣♣
♣♣♣♣♣.≈..≈≈ ♣♣♣♣
♣....≈≈≈≈.♣ .≈≈♣
♣≈≈≈.≈≈≈≈.♣♣♣...♣
♣≈≈≈≈≈≈≈≈..≈♣≈.♣
♣♣♣≈.≈≈≈≈....≈≈≈♣♣
♣...≈.≈≈≈≈.§♣.≈≈.♣
♣≈≈≈≈.≈≈≈≈≈w♣.≈≈♣♣
♣≈≈≈≈≈§≈≈≈.y@.^.♣
♣.≈≈..≈.≈♣♣♣♣..♣♣♣
♣≈≈≈.≈≈≈.♣♣ ♣.≈§♣
♣≈≈≈§≈≈≈....♣§≈.♣
≈.≈≈≈≈≈≈......≈.♣♣
≈≈..$...≈≈..≈≈≈.≈♣
≈≈..≈≈≈≈≈.≈≈≈≈≈≈<♣
≈.≈♣♣≈≈≈≈.♣≈≈≈≈≈.♣
≈≈<♣♣♣♣≈(.♣


You could see a tyrant leech and a hornet.

Vanquished Creatures
  Jorgrun (Swamp:2)
  Roxanne (D:14)
  An orc warlord (D:9)
  The ghost of Oak69 the Blocker, a journeyman MiBe of Trog (D:13)
  A fire dragon (Lair:6)
  Harold (D:12)
  Erolcha (D:9)
  The ghost of scisormetimb3rs the Cleaver, a journeyman OpBe of Trog (D:10)
  4 vault guards (D:14)
  2 catoblepae
  2 centaur warriors
  10 hydras
  4 ogre magi (Orc:2)
  4 alligators
  17 two-headed ogres
  5 death yaks (Lair:6)
  A skeletal warrior (D:14)
  2 unseen horrors
  2 swamp dragons
  2 necromancers (D:14)
  3 wizards (D:14)
  An orc knight (Orc:1)
  A deep elf mage (D:13)
  A wolf spider zombie (D:10)
  3 ugly things
  5 cyclopes
  9 elephants (Lair:5)
  Maurice (D:9)
  5 black mambas
  Psyche (D:12)
  13 spiny frogs
  2 gargoyles
  2 rime drakes
  7 komodo dragons
  An efreet (D:14)
  7 hornets
  3 meliai
  3 trolls
  3 tyrant leeches
  5 blink frogs (Lair:4)
  7 slime creatures
  3 bog bodies
  10 dream sheep
  8 hippogriffs
  17 flying skulls (D:14)
  2 spriggans (Swamp:4)
  2 shadows
  36 yaks
  17 humans (D:14)
  A wraith (D:14)
  The ghost of SirKenneth the Archer, an amateur CeHu (D:3)
  A steam dragon (Lair:6)
  3 basilisks
  5 vampire mosquitoes
  3 wargs
  4 swamp worms
  2 soldier ants
  3 acid dragons (Lair:6)
  12 water moccasins
  6 porcupines
  5 ice beasts
  Purgy (Sewer)
  A black bear (D:6)
  3 sky beasts
  3 swamp drakes
  23 orc warriors
  2 phantoms
  35 ogres
  2 eyes of draining
  26 wolves
  5 necrophages (Lair:2)
  14 crocodiles
  11 centaurs
  A big kobold (D:14)
  11 bullfrogs
  A water moccasin zombie (D:11)
  4 scorpions
  8 killer bees
  12 wights
  An electric eel (Lair:1)
  2 howler monkeys
  8 crimson imps
  2 centaur zombies
  A bullfrog zombie (D:10)
  10 hounds
  2 quasits
  7 jellies
  18 orc priests
  17 orc wizards
  3 bullfrog skeletons
  7 iguanas
  8 centaur skeletons
  8 worker ants
  4 hound zombies
  A hound skeleton (D:9)
  3 worker ant zombies
  10 gnolls
  A howler monkey skeleton (D:4)
  9 adders
  3 shadow imps
  2 oozes
  An adder skeleton (D:9)
  4 worms (D:2)
  2 dart slugs
  4 leopard geckos
  96 orcs
  3 ball pythons
  8 bats
  4 giant cockroaches
  10 goblins
  7 hobgoblins
  8 jackals
  4 quokkas
  8 frilled lizards
  2 gnoll zombies (D:9)
  27 kobolds
  10 rats
775 creatures vanquished.

Vanquished Creatures (others)
  A vampire mosquito (Swamp:2)
  An orc (D:14)
  A bush (D:14)
  15 fungi
  6 plants
24 creatures vanquished.

Grand Total: 799 creatures vanquished

Notes
Turn   | Place    | Note
-------+----------+-------------------------------------------
     0 | D:1      | Letos the Gargoyle Fighter began the quest for the Orb.
     0 | D:1      | Reached XP level 1. HP: 14/14 MP: 1/1
    92 | D:1      | Reached XP level 2. HP: 16/19 MP: 2/2
   188 | D:1      | Reached skill level 3 in Maces & Flails
   427 | D:1      | Reached XP level 3. HP: 23/23 MP: 3/3
   895 | D:2      | Reached skill level 4 in Maces & Flails
  1350 | D:2      | Reached XP level 4. HP: 15/28 MP: 2/4
  1495 | D:2      | Found a shimmering altar of Xom.
  1503 | D:2      | Found a glowing golden altar of the Shining One.
  1508 | D:2      | Found a white marble altar of Elyvilon.
  1986 | D:3      | Noticed a hungry ghost
  2103 | D:3      | Noticed SirKenneth's ghost (amateur CeHu)
  2113 | D:3      | Killed SirKenneth's ghost
  2113 | D:3      | Reached skill level 5 in Maces & Flails
  2113 | D:3      | Reached XP level 5. HP: 20/32 MP: 2/5
  2121 | D:3      | Noticed an ogre
  2129 | D:3      | Killed an ogre
  2129 | D:3      | Reached skill level 6 in Maces & Flails
  2129 | D:3      | Reached XP level 6. HP: 23/37 MP: 4/6
  2181 | D:3      | Found a bloodstained altar of Trog.
  2202 | D:3      | Found a radiant altar of Vehumet.
  2243 | D:3      | Found a glowing drain.
  2266 | Sewer    | Entered a sewer
  2354 | Sewer    | Noticed Purgy
  2367 | Sewer    | Killed Purgy
  2367 | Sewer    | Reached skill level 7 in Maces & Flails
  2529 | D:3      | Found a stormy altar of Qazlal.
  2614 | D:3      | Found a deep blue altar of Sif Muna.
  2770 | D:3      | Reached XP level 7. HP: 38/41 MP: 7/7
  3000 | D:4      | Found a hide-covered altar of Uskayaw.
  3264 | D:4      | Found a staircase to the Ecumenical Temple.
  3380 | Temple   | Entered the Ecumenical Temple
  3387 | Temple   | Became a worshipper of Warmaster Okawaru
  3424 | D:5      | Entered Level 5 of the Dungeon
  3473 | D:5      | Reached skill level 8 in Maces & Flails
  3614 | D:5      | Reached * piety under Okawaru
  3614 | D:5      | Reached skill level 9 in Maces & Flails
  3618 | D:5      | Reached XP level 8. HP: 12/46 MP: 3/8
  3893 | D:5      | Found an opulent altar of Gozag.
  4516 | D:6      | Reached skill level 10 in Maces & Flails
  4715 | D:6      | Reached ** piety under Okawaru
  4715 | D:6      | Reached skill level 11 in Maces & Flails
  4715 | D:6      | Reached skill level 1 in Invocations
  4774 | D:6      | Reached XP level 9. HP: 51/51 MP: 8/10
  4814 | D:6      | Found a sacrificial altar of Ru.
  6013 | D:8      | Reached skill level 12 in Maces & Flails
  6043 | D:8      | Reached *** piety under Okawaru
  6187 | D:8      | Found an ancient bone altar of Kikubaaqudgha.
  6320 | D:8      | Reached skill level 5 in Invocations
  6408 | D:8      | Found a shadowy altar of Dithmenos.
  6413 | D:8      | Reached XP level 10. HP: 56/56 MP: 13/13
  6613 | D:9      | Found a staircase to the Orcish Mines.
  6685 | D:9      | Reached **** piety under Okawaru
  6691 | D:9      | Reached skill level 13 in Maces & Flails
  7208 | D:9      | Reached ***** piety under Okawaru
  7513 | D:9      | Noticed a two-headed ogre
  7522 | D:9      | Killed a two-headed ogre
  7522 | D:9      | Reached skill level 5 in Fighting
  7522 | D:9      | Reached skill level 5 in Armour
  7522 | D:9      | Reached skill level 5 in Shields
  7698 | D:9      | Reached XP level 11. HP: 62/64 MP: 15/15
  7770 | D:9      | Noticed Erolcha
  7786 | D:9      | Killed Erolcha
  7786 | D:9      | Reached skill level 14 in Maces & Flails
  7940 | D:9      | Found a basalt altar of Yredelemnul.
  7951 | D:9      | Noticed Maurice
  7960 | D:9      | Killed Maurice
  7960 | D:9      | Received a gift from Okawaru
  7961 | D:9      | Got a slimy hat {god gift}
  7972 | D:9      | Identified the -1 hat "Xoarur" {rC+ Str+2} (Okawaru gifted it to you on level 9 of the Dungeon)
  8092 | D:10     | Entered Level 10 of the Dungeon
  8092 | D:10     | Noticed scisormetimb3rs's ghost (journeyman OpBe)
  8108 | D:10     | Killed scisormetimb3rs's ghost
  8295 | D:10     | Found a sacrificial altar of Ru.
  8349 | D:10     | Killed an unseen horror
  8541 | D:10     | Noticed a two-headed ogre
  8552 | D:10     | Killed a two-headed ogre
  8856 | D:10     | Got a shimmering jade ring
  8857 | D:10     | Identified the ring of Ylouviaps {rF++ Int+3 Dex+3} (You found it on level 10 of the Dungeon)
  8970 | D:10     | Found a staircase to the Lair.
  9247 | Lair:1   | Entered Level 1 of the Lair of Beasts
  9541 | Lair:1   | Reached XP level 12. HP: 60/72 MP: 16/16
  9864 | Lair:2   | Found a staircase to the Snake Pit.
 10027 | Lair:2   | Reached skill level 15 in Maces & Flails
 10174 | Lair:2   | Noticed an eight-headed hydra
 10181 | Lair:2   | Killed an eight-headed hydra
 10548 | Lair:3   | Noticed a four-headed hydra
 10556 | Lair:3   | Killed a four-headed hydra
 10568 | Lair:3   | Noticed a catoblepas
 10577 | Lair:3   | Killed a catoblepas
 10919 | Lair:3   | Found a staircase to the Swamp.
 11059 | Lair:3   | Noticed an eight-headed hydra
 11069 | Lair:3   | Killed an eight-headed hydra
 12090 | Lair:4   | Identified a scroll of acquirement
 12151 | Lair:4   | Gained mutation: Your mind is acute. (Int +2) [potion of mutation]
 12151 | Lair:4   | Gained mutation: Armour fits poorly on your strangely shaped body. [potion of mutation]
 12151 | Lair:4   | Gained mutation: You can translocate small distances at will. [potion of mutation]
 12152 | Lair:4   | Lost mutation: Armour fits poorly on your strangely shaped body. [potion of mutation]
 12152 | Lair:4   | Lost mutation: You can translocate small distances at will. [potion of mutation]
 12152 | Lair:4   | Lost mutation: Your mind is acute. (Int +2) [potion of mutation]
 12152 | Lair:4   | Gained mutation: Your magical capacity is low. (-10% MP) [potion of mutation]
 12152 | Lair:4   | Gained mutation: Your flesh is cold resistant. (rC+) [potion of mutation]
 12152 | Lair:4   | Gained mutation: Your large and strong wings let you fly indefinitely. [potion of mutation]
 12152 | Lair:4   | Gained mutation: You are resistant to hostile enchantments. (MR+) [potion of mutation]
 12626 | Lair:5   | Found a radiant altar of Vehumet.
 12687 | Lair:5   | Received a gift from Okawaru
 12708 | Lair:5   | Reached XP level 13. HP: 57/79 MP: 7/15
 12794 | Lair:5   | Reached skill level 16 in Maces & Flails
 13613 | Lair:5   | Found a staircase to the Slime Pits.
 14167 | Lair:6   | Entered Level 6 of the Lair of Beasts
 14340 | Lair:6   | Reached skill level 10 in Shields
 14750 | Lair:6   | Reached skill level 10 in Armour
 14876 | Lair:6   | Reached skill level 10 in Fighting
 14987 | Lair:6   | Noticed a fire dragon
 15002 | Lair:6   | Killed a fire dragon
 15326 | Lair:6   | Mutation became permanent: Your large and strong wings let you fly indefinitely. [Gargoyle growth]
 15326 | Lair:6   | Gained mutation: Your large and strong wings let you fly indefinitely. [Gargoyle growth]
 15326 | Lair:6   | Reached XP level 14. HP: 51/88 MP: 16/16
 16499 | D:11     | Reached skill level 17 in Maces & Flails
 16534 | D:11     | Found a flagged portal.
 16543 | Bailey   | Entered a bailey
 16654 | Bailey   | Found a burning altar of Makhleb.
 17331 | D:11     | Received a gift from Okawaru
 17713 | D:12     | Noticed Harold
 17733 | D:12     | Killed Harold
 18077 | D:12     | Noticed Psyche
 18083 | D:12     | Killed Psyche
 18169 | D:13     | Noticed Oak69's ghost (journeyman MiBe)
 18179 | D:13     | Killed Oak69's ghost
 19335 | D:14     | Noticed Roxanne
 19374 | D:14     | Killed Roxanne
 19815 | D:14     | Learned a level 3 spell: Dazzling Spray
 19954 | D:14     | Reached XP level 15. HP: 92/95 MP: 15/17
 20328 | D:14     | Reached skill level 18 in Maces & Flails
 21159 | D:14     | Found a gate to the Vaults.
 21448 | Orc:1    | Entered Level 1 of the Orcish Mines
 21450 | Orc:1    | Noticed an orc warlord
 21692 | D:9      | Killed an orc warlord
 22211 | Orc:1    | Found Ruthreh's Armour Boutique.
 22463 | Orc:2    | Entered Level 2 of the Orcish Mines
 22542 | Orc:2    | Found Ketuclamm's Jewellery Boutique.
 22542 | Orc:2    | Found Ugoudab's Weapon Shoppe.
 22543 | Orc:2    | Found Hiwnunne's Armour Emporium.
 22543 | Orc:2    | Found Naymakh's Antique Armour Boutique.
 23581 | Orc:2    | Found a staircase to the Elven Halls.
 23986 | Swamp:1  | Entered Level 1 of the Swamp
 24155 | Swamp:1  | Reached XP level 16. HP: 91/103 MP: 18/18
 24338 | Swamp:2  | Noticed Jorgrun
 24360 | Swamp:2  | Killed Jorgrun
 24360 | Swamp:2  | Reached skill level 19 in Maces & Flails
 24829 | Swamp:4  | Entered Level 4 of the Swamp
 24886 | Swamp:4  | HP: 3/103 [hornet (8)]
 24887 | Swamp:4  | Mangled by a tyrant leech

Skill      XL: |  1  2  3  4  5  6  7  8  9 10 11 12 13 14 15 16 |
---------------+-------------------------------------------------+-----
Maces & Flails | 3 4 5 6 7 9 11 12 13 14 15 16 17 18 19 | 19.1
Invocations    | 1 5 |  5.5
Fighting       | 5 7 8 10 11 12 | 12.6
Armour         | 5 6 8 10 11 12 | 12.6
Shields        | 5 6 8 10 11 12 | 12.9

Action                   |  1- 3 |  4- 6 |  7- 9 | 10-12 | 13-15 | 16-18 || total
-------------------------+-------+-------+-------+-------+-------+-------++-------
Melee: Flail             |   144 |   123 |   212 |       |       |       ||   479
       Dire flail        |       |       |   167 |   542 |       |       ||   709
       Great mace        |       |       |       |    25 |  1319 |   111 ||  1455
Invok: Heroism           |       |       |       |     7 |    27 |     5 ||    39
       Finesse           |       |       |       |     1 |       |       ||     1
 Abil: Fly               |       |       |       |       |     3 |       ||     3
       Stop Flying       |       |       |       |       |     2 |       ||     2
Evoke: Wand              |       |       |       |       |     1 |       ||     1
  Use: Scroll            |       |     3 |     7 |    16 |    20 |       ||    46
       Potion            |       |     2 |     2 |     4 |     6 |     5 ||    19
 Stab: Confused          |       |       |       |       |     2 |       ||     2
  Eat: Chunk             |     1 |     5 |    12 |    14 |    31 |     3 ||    66
       Fruit             |       |     3 |       |     2 |       |       ||     5
       Bread ration      |       |     1 |       |       |       |       ||     1
       Royal jelly       |       |       |       |     1 |     2 |       ||     3
       Meat ration       |       |       |       |     1 |       |       ||     1
Armor: Scale mail        |    71 |       |       |       |       |       ||    71
       Chain mail        |    47 |    93 |   157 |       |       |       ||   297
       Plate armour      |       |       |    71 |   299 |  1086 |   129 ||  1585
Dodge: Dodged            |    79 |    61 |   113 |   170 |   642 |   113 ||  1178
